AoeStats
← skeezerrr

Arena

508401545Analyzed
4v4 RM · 11d ago on Sep 22, 2026· 46m 23s· 8 players
Game mode
Random Map
Map size
Large (8 player)
Population
200
Speed
Normal
Resources
Standard
Victory
Conquest
Starting age
Dark Age
Ending age
Imperial Age
RankedLock teamsTeams togetherTeam positionsShared explorationLock speedFull tech treeHidden civsTurbo modeCheats
Victory
Defeat
🇦🇺 Portuguese · Australia
1126
+15
🇨🇳 Poles · China
1044
+18
🇨🇳 Spanish · China
994
+20
🇨🇳 Celts · China
969
+20
🇬🇧 Vietnamese · United Kingdom
1135
-20
🇨🇳 Georgians · China
1073
-18
🇬🇧 Malay · United Kingdom
1072
-18
🇮🇳 Slavs · India
1061
-17
aśoka
11:00 Feudal Age
15:36 Castle Age
14:01 Double-Bit Axe
14:06 Horse Collar
18:10 Bow Saw
24:28 Loom
25:25 Bloodlines
26:22 Gold Mining
28:20 Wheelbarrow
27:30 Town Watch
29:26 Town Patrol
29:42 Hand Cart
32:22 Imperial Age
31:23 Forging
31:19 Scale Barding Armor
31:51 Detinets
32:42 Iron Casting
31:58 Fletching
32:08 Padded Archer Armor
32:31 Ballistics
33:30 Chain Barding Armor
33:27 Husbandry
32:52 Elite Boyar
33:53 Conscription
33:47 Crossbowman
36:52 Blast Furnace
35:52 Bodkin Arrow
36:13 Leather Archer Armor
37:01 Chemistry
36:12 Masonry
35:33 Elite Skirmisher
36:28 Imperial Skirmisher
39:59 Ring Archer Armor
40:08 Plate Barding Armor
39:52 Stone Mining
Cereal_Killer
10:32 Feudal Age
15:23 Castle Age
17:43 Elite Skirmisher
20:01 Fletching
skeezerrr
8:40 Loom
10:54 Feudal Age
11:59 Double-Bit Axe
12:51 Wheelbarrow
17:12 Castle Age
15:33 Stone Mining
16:52 Gold Mining
18:18 Bow Saw
24:40 Fletching
24:51 Padded Archer Armor
26:36 Thumb Ring
26:31 Bodkin Arrow
27:56 Leather Archer Armor
37:47 Imperial Age
38:23 Forging
38:01 Pikeman
39:52 Ballistics
40:34 Chemistry
39:45 Squires
39:28 Halberdier
40:13 Scale Mail Armor
40:35 Elite Rattan Archer
41:35 Bracer
41:46 Treadmill Crane
44:19 Ring Archer Armor
44:25 Iron Casting
44:05 Chain Mail Armor
43:49 Murder Holes
佛山大维哥
11:17 Feudal Age
15:30 Castle Age
13:52 Horse Collar
14:18 Loom
16:35 Heavy Plow
16:22 Double-Bit Axe
18:10 Town Watch
27:47 Wheelbarrow
31:44 Imperial Age
29:36 Bow Saw
29:19 Gold Mining
30:18 Scale Barding Armor
30:24 Forging
31:22 Chain Barding Armor
31:47 Husbandry
31:58 Bloodlines
32:26 Iron Casting
32:48 Conscription
33:24 Hand Cart
33:48 Plate Barding Armor
35:21 Light Cavalry
38:07 Blast Furnace
36:30 Hussar
LESLIE
10:10 Feudal Age
13:54 Castle Age
12:30 Double-Bit Axe
12:55 Loom
13:19 Horse Collar
14:11 Town Watch
25:43 Heavy Plow
27:30 Bow Saw
28:50 Wheelbarrow
28:18 Padded Archer Armor
29:33 Leather Archer Armor
33:42 Imperial Age
32:22 Hand Cart
32:10 Husbandry
32:27 Gold Mining
32:45 Scale Barding Armor
33:41 Bloodlines
32:52 Light Cavalry
33:55 Chain Barding Armor
35:02 Plate Barding Armor
35:13 Forging
34:58 Hussar
39:00 Iron Casting
38:16 Fletching
39:36 Two-Man Saw
42:00 Blast Furnace
40:56 Bodkin Arrow
41:25 Conscription
41:20 Stone Mining
42:36 Stone Shaft Mining
42:50 Bracer
44:57 Hoardings
46:45 Ring Archer Armor
赢嘤嘤嘤嘤因
9:36 Feudal Age
15:24 Castle Age
14:00 Double-Bit Axe
17:09 Wheelbarrow
17:38 Horse Collar
24:24 Heavy Plow
30:54 Imperial Age
29:14 Hand Cart
28:53 Loom
29:43 Town Watch
30:25 Ballistics
30:16 Fortified Wall
31:55 Forging
31:47 Scale Mail Armor
31:40 Fletching
33:03 Chemistry
32:00 Gold Mining
32:03 Stone Mining
32:38 Town Patrol
32:21 Heavy Scorpion
33:40 Pikeman
34:12 Capped Ram
34:45 Halberdier
35:12 Arson
35:47 Chain Mail Armor
36:25 Siege Ram
40:21 Masonry
47:30 Gold Shaft Mining
47:31 Stone Shaft Mining
Im Noob
9:51 Feudal Age
14:59 Castle Age
22:32 Double-Bit Axe
23:47 Horse Collar
24:37 Heavy Plow
26:21 Wheelbarrow
29:02 Hand Cart
33:38 Imperial Age
32:28 Husbandry
32:38 Bloodlines
31:49 Light Cavalry
32:38 Scale Barding Armor
32:44 Forging
34:16 Scale Mail Armor
34:52 Iron Casting
34:37 Chain Barding Armor
33:44 Winged Hussar
33:51 Elite Obuch
35:09 Lechitic Legacy
35:10 Conscription
35:47 Chain Mail Armor
36:52 Blast Furnace
36:35 Squires
36:21 Arson
38:30 Gold Mining
39:13 Plate Mail Armor
44:54 Crop Rotation
x_Zinger_Box_x
10:58 Feudal Age
14:50 Castle Age
14:47 Loom
31:55 Double-Bit Axe
31:54 Horse Collar
32:55 Bloodlines
32:45 Husbandry
37:24 Imperial Age
35:06 Elite Skirmisher
35:57 Fletching
36:08 Padded Archer Armor
38:14 Thumb Ring
40:28 Circumnavigation
40:33 Arquebus
45:17 Elite Organ Gun
Connection lost

Rejoining the realm…

Still unreachable

The connection could not be restored.

Session expired

The server has moved on; the page needs a fresh start.